 Dungeon Crawl Stone Soup version 0.31-a0-692-gf03d1854d5 (webtiles) character file.

Game seed: 15214707442701980491

709 qw the Skirmisher (level 7, -2/44 HPs)
             Began as a Gargoyle Hunter on Sept 6, 2023.
             Slain by a wight
             ... wielding a +3 great sword
              (19 damage)
             ... on level 4 of the Dungeon.
             The game lasted 00:01:40 (3420 turns).

qw the Skirmisher (Gargoyle Hunter)                 Turns: 3420, Time: 00:01:40

Health: -2/44      AC: 11    Str: 15    XL:     7   Next: 68%
Magic:  7/7        EV: 12    Int:  9    God:
Gold:   185        SH:  0    Dex: 15    Spells: 6/6 levels left

rFire   . . .        Y - +0 shortbow
rCold   . . .        (shield currently unavailable)
rNeg    + . .        p - +0 troll leather armour {Pargi}
rPois   inf          (no helmet)
rElec   +            (no cloak)
rCorr   .            (no gloves)
SInv    .            (no boots)
Will    +....        (no amulet)
Stlth   ++           d - ring of willpower
HPRegen 1.07/turn    r - +4 ring of protection
MPRegen 0.10/turn

%: no passive effects
@: no status effects
A: sickness immunity, AC +4, negative energy resistance 1, electricity
resistance, torment resistance 1, petrification resistance
a: no special abilities


You were on level 4 of the Dungeon.
You visited 1 branch of the dungeon, and saw 4 of its levels.

You collected 185 gold pieces.


Innate Abilities, Weirdness & Mutations

You are immune to sickness and miasma.
Your stone body is resilient. (AC +4)
You are immune to poison.
You resist negative energy. (rN+)
You are resistant to electric shocks. (rElec)
You are resistant to unholy torment.
You are immune to petrification.


   Skills:
 + Level 4.8 Fighting
 - Level 8.0 Ranged Weapons
 - Level 1.0 Armour
 - Level 2.0 Dodging
 - Level 1.1 Stealth


You had 6 spell levels left.
You didn't know any spells.
Your spell library was empty.

Inventory:

Hand Weapons
 Y - a +0 shortbow (weapon)
Armour
 p - a +0 troll leather armour (worn) {Pargi}
Jewellery
 c - a +5 ring of evasion
 d - a ring of willpower (left hand)
 r - a +4 ring of protection (right hand)
Scrolls
 f - a scroll of teleportation
 g - a scroll of summoning {unknown}
 j - a scroll of identify
 q - a scroll of enchant armour
Potions
 a - a potion of haste
 b - a potion of might
 e - a potion of resistance {unknown}
 h - a potion of attraction {unknown}
 i - a potion of curing
 k - 2 potions of enlightenment
 l - a potion of invisibility {unknown}
 n - a potion of brilliance {unknown}

Dungeon Overview and Level Annotations

Branches:
Dungeon (4/15)
 Temple: D:4-7

Altars:

Annotations:
D:2 1 runed translucent door, Crazy Yiuf


Message History

3417 |||
Found retreat position at 2,5 (open_door) with 0 blocking monsters and 3 monsters attacking at destination at distance 6
3417 ||| Stepping ~*~*~tactically~*~*~ (retreating).
The wight hits you with a +3 falchion.
Enter note:
Enter note:
Enter note:
Enter note:
Enter note:
Enter note:
Enter note:
Enter note:
3418 |||
Found retreat position at -1,2 (floor) with 0 blocking monsters and 3 monsters attacking at destination at distance 2
3418 ||| Stepping ~*~*~tactically~*~*~ (retreating).
The wight completely misses you.
Enter note:
Enter note:
Enter note:
Enter note:
Enter note:
Enter note:
Enter note:
Enter note:
3419 |||
Found retreat position at 2,3 (open_door) with 0 blocking monsters and 3 monsters attacking at destination at distance 6
3419 ||| Stepping ~*~*~tactically~*~*~ (retreating).
The wight hits you with a +3 falchion.
The wight hits you with a +3 great sword!
The wight hits you with a +1 battleaxe of freezing.
The wight freezes you.
Enter note:
Enter note:
Enter note:
Enter note:
Enter note:
Enter note:
Enter note:
Enter note:
3420 |||
Found retreat position at 1,3 (open_door) with 0 blocking monsters and 3 monsters attacking at destination at distance 5
3420 ||| Stepping ~*~*~tactically~*~*~ (retreating).
The wight hits you with a +3 great sword!!
You die...

#.########........#
#####.....)..#..(.....#
.............#........+
.....#.......#........#
[....#.......#........# ....
#.......#........# ##### .z..
#.......#........# #.... ...
#.......z.z......# #.... ...
+.......#zz@.....# #....
#########........#######....
########.....#####'##..........##
.......#........)...#..........#.
.......'........#...#..........#.
.......#........#...#..........#.
##'#####+##########+#..........#.
......#...................##+###.
......#...................#...#..


You could see 4 wights.

Vanquished Creatures
  Grinder (D:3)
  Pargi (D:3)
  An ogre (D:4)
  2 jellies (D:4)
  Jessica (D:3)
  8 adders
  7 gnolls
  4 worms
  3 dart slugs
  An orc (D:4)
  6 ball pythons
  7 bats
  6 endoplasms
  18 giant cockroaches
  6 goblins
  7 hobgoblins
  3 jackals (D:1)
  2 quokkas (D:1)
  6 frilled lizards
  7 kobolds
  4 rats
101 creatures vanquished.

Notes
Turn   | Place    | Note
-------+----------+-------------------------------------------
     0 | D:1      | qw the Gargoyle Hunter began the quest for the Orb.
     0 | D:1      | Reached XP level 1. HP: 12/12 MP: 1/1
     0 | D:1      | 0 ||| qw: Version: 0.3-a-76-g4403597
     0 | D:1      | 0 ||| qw: Game counter: 91
     0 | D:1      | 0 ||| qw: Melee chars always use a shield: true
     0 | D:1      | 0 ||| qw: God list: Okawaru
     0 | D:1      | 0 ||| qw: Allow faded altars: false
     0 | D:1      | 0 ||| qw: Do Orc after clearing Dungeon:15 true
     0 | D:1      | 0 ||| qw: Do second Lair branch before Depths: true
     0 | D:1      | 0 ||| qw: Lair rune preference: random
     0 | D:1      | 0 ||| qw: Goals: Normal
     0 | D:1      | 0 ||| PLANNING D:1-11
   173 | D:1      | Reached XP level 2. HP: 17/17 MP: 2/2
   360 | D:1      | Reached XP level 3. HP: 21/21 MP: 3/3
   406 | D:1      | Reached skill level 5 in Ranged Weapons
   649 | D:1      | 649 ||| UPGRADING to ring of willpower.
   650 | D:1      | 650 ||| READING scroll labelled ZETOIN TAOHAIDENE.
   653 | D:1      | 653 ||| READING scroll labelled QOFIRPH SULOO.
   654 | D:1      | 654 ||| DROPPING scroll of butterflies.
   691 | D:2      | 691 ||| STAIRDANCE
   734 | D:2      | 734 ||| STAIRDANCE
   748 | D:2      | Reached skill level 3 in Fighting
   762 | D:2      | Reached XP level 4. HP: 28/28 MP: 4/4
  1177 | D:2      | Found a runed translucent door.
  1178 | D:2      | Noticed Crazy Yiuf
  1316 | D:2      | 1316 ||| READING scroll labelled YVABIRR GENO.
  1317 | D:2      | 1317 ||| READING 2 scrolls labelled LITOMPA PUYLOA.
  1318 | D:2      | 1318 ||| DRINKING 3 glowing orange potions.
  1352 | D:2      | 1352 ||| DRINKING 2 bubbling clear potions.
  1353 | D:2      | 1353 ||| DRINKING 2 grey potions.
  1354 | D:2      | 1354 ||| DROPPING 2 potions of lignification.
  1543 | D:3      | 1543 ||| Stepping ~*~*~tactically~*~*~ (outnumbered).
  1551 | D:3      | Reached XP level 5. HP: 32/32 MP: 5/5
  1574 | D:3      | Reached skill level 6 in Ranged Weapons
  1740 | D:3      | Noticed Pargi
  1767 | D:3      | HP: 7/32 [Pargi (5)]
  1768 | D:3      | 1768 ||| READING 2 scrolls of teleportation.
  1957 | D:3      | Killed Pargi
  1958 | D:3      | Reached XP level 6. HP: 27/40 MP: 6/6
  2021 | D:3      | Noticed Grinder
  2035 | D:3      | Killed Grinder
  2036 | D:3      | Reached skill level 7 in Ranged Weapons
  2036 | D:3      | Reached XP level 7. HP: 30/44 MP: 7/7
  2088 | D:3      | Noticed Jessica
  2089 | D:3      | Killed Jessica
  2174 | D:3      | 2174 ||| Stepping ~*~*~tactically~*~*~ (outnumbered).
  2423 | D:3      | 2423 ||| UPGRADING to +0 ring mail.
  2433 | D:3      | 2433 ||| DROPPING +0 leather armour.
  2434 | D:3      | 2434 ||| UPGRADING to +0 troll leather armour {Pargi}.
  2444 | D:3      | 2444 ||| DROPPING +0 ring mail.
  2445 | D:3      | 2445 ||| UPGRADING to +4 ring of protection.
  2446 | D:3      | 2446 ||| READING scroll labelled IMEIN NATADAHEQ.
  2547 | D:3      | 2547 ||| READING scroll labelled YBIAPA VYTT.
  2548 | D:3      | 2548 ||| READING 2 scrolls labelled YCZINE AQIMENTAOM.
  2549 | D:3      | 2549 ||| READING 3 scrolls of identify.
  2549 | D:3      | 2549 ||| IDENTIFYING metallic puce potion
  2550 | D:3      | 2550 ||| READING 2 scrolls of identify.
  2550 | D:3      | 2550 ||| IDENTIFYING cyan potion
  3144 | D:4      | Reached skill level 8 in Ranged Weapons
  3292 | D:4      | Reached skill level 1 in Armour
  3402 | D:4      | 3402 ||| RETREATING.
  3408 | D:4      | 3408 ||| Stepping ~*~*~tactically~*~*~ (retreating).
  3409 | D:4      | 3409 ||| Stepping ~*~*~tactically~*~*~ (retreating).
  3410 | D:4      | 3410 ||| Stepping ~*~*~tactically~*~*~ (retreating).
  3411 | D:4      | 3411 ||| Stepping ~*~*~tactically~*~*~ (retreating).
  3412 | D:4      | 3412 ||| Stepping ~*~*~tactically~*~*~ (retreating).
  3413 | D:4      | 3413 ||| Stepping ~*~*~tactically~*~*~ (retreating).
  3417 | D:4      | 3417 ||| Stepping ~*~*~tactically~*~*~ (retreating).
  3418 | D:4      | 3418 ||| Stepping ~*~*~tactically~*~*~ (retreating).
  3419 | D:4      | 3419 ||| Stepping ~*~*~tactically~*~*~ (retreating).
  3420 | D:4      | 3420 ||| Stepping ~*~*~tactically~*~*~ (retreating).
  3420 | D:4      | Slain by a wight

Levels and vault maps discovered:
D:1:      lordsloth_arrival_two_stooges, layout_basic
D:2:      layout_rooms, roderic_roman_lattice, guppyfry_early_lair_pool,
          uniq_crazy_yiuf_cottage
D:3:      minmay_roachtagon, layout_loops_cross, uniq_grinder, uniq_jessica,
          uniq_pargi
D:4:      layout_gridville, minmay_small_thing

Skill      XL: |  1  2  3  4  5  6  7 |
---------------+----------------------+-----
Ranged Weapons | 5 6 7 8 |  8.0
Fighting       | 3 4 |  4.8
Dodging        | 2 |  2.0
Armour         | 1 |  1.0
Stealth        | |  1.1

Action                     |  1- 3 |  4- 6 |  7- 9 || total
---------------------------+-------+-------+-------++-------
   Fire: Shortbow          |   130 |   193 |   108 ||   431
    Use: Scroll            |     2 |     3 |     5 ||    10
         Potion            |       |     3 |       ||     3
 Armour: Leather armour    |    49 |    94 |    13 ||   156
         Troll leather arm |       |       |    25 ||    25
  Dodge: Dodged            |    53 |    83 |    29 ||   165

Table legend:
 A = Non-vault XP
 B = Vault XP
 C = Vault XP percentage of total XP
 D = Non-vault monster count
 E = Vault monster count
 F = Vault count percentage of total count
                 A         B        C        D         E       F
            +---------+---------+-------+---------+---------+-------
      Total |     538 |     476 |  46.9 |      85 |      16 |  15.8
            +---------+---------+-------+---------+---------+-------
        D:1 |      59 |       0 |   0.0 |      33 |       0 |   0.0
        D:2 |      77 |       0 |   0.0 |      21 |       0 |   0.0
        D:3 |     126 |     476 |  79.1 |      17 |      16 |  48.5
        D:4 |     276 |       0 |   0.0 |      14 |       0 |   0.0
            +---------+---------+-------+---------+---------+-------
